 Dungeon Crawl Stone Soup version 0.31.0-32-g396128a36d (console) character file.

Game seed: 4693005733014426991

16870 utis the Reanimator (level 11, -8/89 HPs)
             Began as a Demigod Necromancer on Mar 29, 2024.
             Killed from afar by Fannar (38 damage)
             ... with a bolt of cold
             ... on level 2 of the Lair of Beasts.
             The game lasted 00:52:32 (17181 turns).

utis the Reanimator (Demigod Necromancer)          Turns: 17181, Time: 00:52:33

Health: -8/89      AC: 14    Str: 23    XL:     11   Next: 85%
Magic:  15/17      EV: 11    Int: 24    God:
Gold:   625        SH:  5    Dex: 17    Spells: 2/14 levels left

rFire   + + .        l - +8 spear {venom, Fly rF++ rCorr Dex+3}
rCold   . . .        (no shield)
rNeg    . . .        A - +0 chain mail
rPois   .            a - +0 hat {Int+3}
rElec   .            t - +2 cloak {rCorr}
rCorr   +            (no gloves)
SInv    .            J - +0 pair of boots
Will    +....        U - amulet of reflection Stlth
                     z - +6 ring of strength
HPRegen 0.34/turn    (no ring)
MPRegen 0.15/turn

%: reflection
@: flying
A: high MP 1, forlorn, divine attributes
a: no special abilities


You were on level 2 of the Lair of Beasts.
You visited 2 branches of the dungeon, and saw 12 of its levels.
You also visited: Ossuary.

You collected 625 gold pieces.

Inventory:

Hand Weapons
 l - the +8 spear of War (weapon) {venom, Fly rF++ rCorr Dex+3}
   (You found it on level 3 of the Dungeon)

   Dex+3:     It affects your dexterity (+3).
   rF++:      It greatly protects you from fire.
   Fly:       It grants you flight.
   rCorr:     It protects you from acid and corrosion.
 H - a +0 halberd
 I - a +5 antimagic spear
 O - a +3 trident
 Q - a +1 trident of freezing
 Y - a +0 glaive
Missiles
 g - 6 datura-tipped darts
 u - 7 throwing nets
 x - 26 poisoned darts (quivered)
 Z - 4 boomerangs
Armour
 a - a +0 hat of intelligence (worn)
 h - +0 swamp dragon scales
 t - a +2 cloak of preservation (worn)
 A - a +0 chain mail (worn)
 J - a +0 pair of boots (worn)
Jewellery
 z - a +6 ring of strength (left hand)
 C - a ring of fire
 U - an amulet of reflection (around neck)
Wands
 G - a wand of paralysis (14)
 V - a wand of iceblast (9)
Scrolls
 m - 3 scrolls of poison
 o - a scroll of summoning
 q - 3 scrolls of vulnerability
 v - 2 scrolls of revelation
 y - 4 scrolls of teleportation {@r1}
 E - 2 scrolls of enchant weapon
 R - a scroll of silence {unknown}
 S - a scroll of immolation {unknown}
 T - a scroll of brand weapon {unknown}
 X - 5 scrolls of identify
Potions
 b - a potion of magic
 c - 6 potions of curing {@q1}
 i - a potion of heal wounds {@q2}
 p - a potion of berserk rage {!q}
 w - 2 potions of ambrosia
 D - 7 potions of attraction
 F - 2 potions of lignification {unknown}
 K - 2 potions of resistance {unknown}
 L - 2 potions of invisibility {unknown}
 M - a potion of brilliance {unknown}
 N - 3 potions of might {unknown}
 P - 3 potions of haste {@q3}
 W - a potion of enlightenment {unknown}


   Skills:
 + Level 5.9 Fighting
 * Level 8.6 Polearms
 + Level 5.8 Armour
 + Level 6.2 Dodging
 - Level 1.7 Stealth
 - Level 2.0 Spellcasting
 - Level 12.0 Necromancy
 - Level 5.0 Evocations


You had 2 spell levels left.
You knew the following spells:

 Your Spells              Type           Power      Damage    Failure   Level
n - Animate Dead          Necr           57%        N/A       4%          4
v - Vampiric Draining     Necr           57%        2d10      1%          3
w - Curse of Agony        Necr           57%        N/A       13%         5

Your spell library contained the following spells:

 Spells                   Type           Power      Damage    Failure   Level
 Necrotise                Necr           100%       1d9       1%          1
 Mercury Vapours          Alch/Air       4%         N/A       67%         2
 Gell's Gravitas          Tloc           2%         N/A       88%         3
 Mephitic Cloud           Conj/Alch/Air  2%         N/A       88%         3
 Teleport Other           Tloc           2%         N/A       88%         3
 Tukima's Dance           Hex            2%         N/A       88%         3
 Ignite Poison            Fire/Alch      2%         N/A       99%         4
 Leda's Liquefaction      Alch/Erth      1%         N/A       99%         4
 Passage of Golubria      Tloc           2%         N/A       99%         4
 Sticky Flame             Fire/Alch      2%         2d4       99%         4
 Freezing Cloud           Conj/Ice/Air   1%         6-21      100%        5
 Lee's Rapid Deconstruct  Erth           1%         3d4*      100%        5
 Yara's Violent Unravell  Hex/Alch       1%         3d3       100%        5
 Bombard                  Conj/Erth      1%         9d1       100%        6
 Dispersal                Tloc           1%         N/A       100%        6
 Ignition                 Fire           1%         3d3       100%        8


Dungeon Overview and Level Annotations

Branches:
Dungeon (10/15)            Temple (0/1) D:6            Lair (2/5) D:9
  Snake (0/4) Lair:2      Ossuary (visited)
  Swamp: Lair:2-3    Shoals: Lair:2-3       Orc: D:9-12

Shops:
D:1 *   D:4 *

Annotations:
D:5 exclusion: statue
Lair:1 3 runed translucent doors, FarmingIce's ghost, journeyman TrBe
Lair:2 Fannar


Innate Abilities, Weirdness & Mutations

You have an increased reservoir of magic. (+10% MP)
You shall have no god before yourself.
Your divine heritage dramatically boosts your attributes as you level up.


Message History

Fannar freezes you.
You completely miss Fannar.
Fannar is moderately wounded.
You hit Fannar but do no damage.
Fannar looks as sick as possible!
Fannar is moderately wounded.
Fannar mumbles some strange words.
Fannar drains the heat from the surrounding environment!
Unknown command.
Casting: Animate Dead (dangerous; 4% risk of failure)
Confirm with . or Enter, or press ? or * to list all spells.
Aiming: Vampiric Draining (safe; 1% risk of failure)
Press: ? - help, Shift-Dir - straight line, f/p - Fannar
Aim: Fannar, wielding a +0 quarterstaff of freezing, wearing a +1 robe of cold resistance and wearing a ring of ice (moderately wounded, extremely poisoned)
You draw life force from Fannar!
You feel life coursing into your body!
Casting: Vampiric Draining (safe; 1% risk of failure)
Confirm with . or Enter, or press ? or * to list all spells.
You can't see any susceptible monsters within range! (Use Z to cast anyway.)
Casting: Vampiric Draining (safe; 1% risk of failure)
Confirm with . or Enter, or press ? or * to list all spells.
You can't see any susceptible monsters within range! (Use Z to cast anyway.)
The ice beast hits you but does no damage.
Casting: Vampiric Draining (safe; 1% risk of failure)
Confirm with . or Enter, or press ? or * to list all spells.
You can't see any susceptible monsters within range! (Use Z to cast anyway.)
The ice beast closely misses you.
Unknown command.
Unknown command.
You completely miss the ice beast. You block the ice beast's attack.
Fannar gestures wildly while chanting.
Fannar drains the heat from the surrounding environment!
* * * LOW HITPOINT WARNING * * *
Fannar gestures at you while chanting.
The bolt of cold misses the ice beast.
The bolt of cold hits you!!
* * * LOW HITPOINT WARNING * * *
Unknown command.
You feel much better.
Fannar points at you and mumbles some strange words.
The bolt of cold hits the ice beast.
The ice beast completely resists.
The bolt of cold hits you!!!
You die...

░..░ ░░░ ..~░░░.░
~~~~~~.░░░░░░
~~~~~~~.~.░⚶░ ░░░
~~.~.~~~....░░░.░
~~...~~~~➘.....░░░
⚶~.....~~........░░
...>...~~...░░.░..░░
....⚶..~~..░░░░░░..░
~~..⚶⚶~~~...░ ░..░░
~~...~~~....░ ░pY░
~~~~~~~.....░ ░.░░
~~~~.⚶..... ░Y░
░░░░░░⚶░⚶░ e.. ░░ ░░
....░ ░➘.... ░.....░
.....░░ ......░


You could see Fannar (extremely poisoned) and 2 ice beasts.

Vanquished Creatures
  Gastronok (Lair:2)
  Erica (D:9)
  2 two-headed ogres
  3 death yaks (D:9)
  Maggie (D:7)
  3 cane toads (Lair:1)
  An unseen horror (D:9)
  A komodo dragon (Lair:1)
  A kobold demonologist (D:9)
  A hornet (D:8)
  Sigmund (D:2)
  A shadow (D:9)
  9 yaks
  3 wyverns
  2 steam dragons (D:9)
  7 water moccasins
  A sky beast (D:7)
  2 orc warriors (D:8)
  2 black bears
  11 wolves
  6 centaurs
  A phantom (D:3)
  2 kobold brigands
  8 bullfrogs
  5 gnoll sergeants
  6 scorpions
  18 wights
  7 killer bees (D:8)
  2 electric eels (D:8)
  A howler monkey (D:7)
  3 centaur zombies (Ossuary)
  2 bombardier beetles
  A human zombie (Ossuary)
  4 orc priests
  Crazy Yiuf (D:2)
  3 gnoll boudas (D:8)
  9 hounds
  Jessica (D:2)
  Terence (D:2)
  2 iguanas
  12 orc wizards
  4 hell rats (Lair:1)
  2 ogre zombies (Ossuary)
  7 mummies (Ossuary)
  35 gnolls
  2 adders
  2 shadow imps
  4 adder zombies (Ossuary)
  A ribbon worm (D:2)
  A dart slug (D:1)
  34 orcs
  6 endoplasms
  5 giant cockroaches
  A gnoll zombie (Ossuary)
  8 goblins
  8 hobgoblins
  3 jackals (D:8)
  4 quokkas
  8 ball pythons
  2 bats
  2 frilled lizards
  3 goblin zombies (Ossuary)
  4 hobgoblin zombies (Ossuary)
  12 kobolds
  2 kobold zombies (Ossuary)
  2 orc zombies (Ossuary)
  2 quokka zombies (Ossuary)
  6 rats
  6 rat zombies (Ossuary)
325 creatures vanquished.

Vanquished Creatures (collateral kills)
  Nergalle (Lair:2)
  A yak (Lair:2)
  A naga (Lair:2)
  A water moccasin (Lair:2)
  A kobold (D:1)
5 creatures vanquished.

Vanquished Creatures (others)
  An angel (D:8)
  5 yak zombies (Lair:2)
6 creatures vanquished.

Grand Total: 336 creatures vanquished

Notes
Turn   | Place    | Note
-------+----------+-------------------------------------------
     0 | D:1      | utis the Demigod Necromancer began the quest for the Orb.
     0 | D:1      | Reached XP level 1. HP: 14/14 MP: 5/5
   280 | D:1      | Reached skill level 4 in Necromancy
   514 | D:1      | Reached XP level 2. HP: 20/20 MP: 5/7
   693 | D:1      | Found Ziufiew's Assorted Antiques.
   937 | D:1      | You fall into a shaft and drop 1 floor!
  1374 | D:2      | Reached XP level 3. HP: 26/26 MP: 6/8
  1400 | D:2      | Learned a level 3 spell: Vampiric Draining
  1574 | D:2      | Noticed Sigmund
  1658 | D:2      | Noticed Terence
  1663 | D:2      | Killed Terence
  1664 | D:2      | Reached skill level 5 in Necromancy
  1736 | D:2      | Noticed Jessica
  1739 | D:2      | Killed Jessica
  1740 | D:2      | Reached XP level 4. HP: 33/33 MP: 6/9
  1965 | D:2      | Found a runed translucent door.
  1966 | D:2      | Noticed Crazy Yiuf
  2027 | D:2      | Killed Sigmund
  2028 | D:2      | Reached skill level 6 in Necromancy
  2028 | D:2      | Reached XP level 5. HP: 38/38 MP: 0/10
  2726 | D:2      | Killed Crazy Yiuf
  3021 | D:3      | Identified the +2 robe of Insecurity {rPois rC+ Will-}
  3139 | D:3      | Identified the +8 spear of War {venom, Fly rF++ rCorr
                  | Dex+3}
  3713 | D:3      | Reached skill level 1 in Polearms
  3713 | D:3      | Reached XP level 6. HP: 43/46 MP: 11/11
  3782 | D:4      | Reached skill level 1 in Fighting
  4043 | D:4      | Reached skill level 1 in Armour
  4828 | D:4      | Found Asus's General Store.
  4966 | D:5      | Entered Level 5 of the Dungeon
  5154 | D:5      | Reached XP level 7. HP: 31/53 MP: 12/12
  5790 | D:5      | Learned a level 4 spell: Animate Dead
  6394 | D:6      | Reached XP level 8. HP: 59/62 MP: 13/13
  6667 | D:6      | Found a staircase to the Ecumenical Temple.
  7037 | D:7      | Found a sand-covered staircase.
  7051 | D:7      | Reached skill level 5 in Polearms
  7065 | Ossuary  | Entered an ossuary
  8089 | D:7      | Reached XP level 9. HP: 59/71 MP: 14/14
  8199 | D:7      | Noticed Maggie
  8221 | D:7      | Killed Maggie
  8427 | D:7      | Reached skill level 5 in Dodging
  9002 | D:7      | Reached skill level 5 in Fighting
  9324 | D:8      | Reached skill level 5 in Armour
  9873 | D:8      | Killed an angel
 11038 | D:8      | Reached skill level 1 in Evocations
 11038 | D:8      | Reached XP level 10. HP: 54/81 MP: 15/15
 11189 | D:8      | Noticed a two-headed ogre
 11213 | D:8      | Killed a two-headed ogre
 12057 | D:8      | Reached skill level 5 in Evocations
 12063 | D:8      | Learned a level 5 spell: Curse of Agony
 12481 | D:8      | Reached skill level 7 in Necromancy
 12961 | D:9      | Noticed a death yak
 12981 | D:9      | Killed a death yak
 12982 | D:9      | Reached skill level 8 in Necromancy
 13109 | D:9      | Found a staircase to the Lair.
 13217 | D:9      | Noticed Erica
 13367 | D:9      | Killed Erica
 13368 | D:9      | Reached skill level 9 in Necromancy
 13584 | D:9      | Noticed a two-headed ogre
 13596 | D:9      | Killed a two-headed ogre
 13728 | D:9      | Noticed a death yak
 13753 | D:9      | Noticed a death yak
 13757 | D:9      | Killed a death yak
 13758 | D:9      | Reached XP level 11. HP: 74/88 MP: 17/17
 13782 | D:9      | Reached skill level 10 in Necromancy
 13876 | D:9      | Killed a death yak
 14317 | D:10     | Entered Level 10 of the Dungeon
 14381 | D:10     | Noticed a two-headed ogre
 14641 | Lair:1   | Entered Level 1 of the Lair of Beasts
 14659 | Lair:1   | Reached skill level 11 in Necromancy
 15475 | Lair:1   | Found a runed translucent gate.
 15475 | Lair:1   | Found a runed translucent gate.
 15475 | Lair:1   | Found a runed translucent gate.
 15479 | Lair:1   | Noticed FarmingIce's ghost (journeyman TrBe)
 15488 | Lair:1   | Noticed a minotaur
 15984 | Lair:1   | Reached skill level 12 in Necromancy
 16714 | Lair:2   | Noticed Gastronok
 16714 | Lair:2   | Noticed Nergalle
 16984 | Lair:2   | Killed Nergalle
 17062 | Lair:2   | Found a staircase to the Snake Pit.
 17114 | Lair:2   | Killed Gastronok
 17164 | Lair:2   | Noticed Fannar
 17181 | Lair:2   | Killed from afar by Fannar

Illustrated notes

Levels and vault maps discovered:
D:1:      dpeg_arrival_arbitrary_b, layout_basic, serial_shops, shop
D:2:      layout_basic, chequers_big_river, uniq_terence, uniq_sigmund,
          uniq_crazy_yiuf_cottage, uniq_jessica
D:3:      layout_loops_ring, kennysheep_okawaru_gauntlet,
          mainiacjoe_overflow_catwalk, lemuel_coloured_pillars_altar,
          ebering_ecumenical_altar_rust
D:4:      layout_gridville, serial_shops, nicolae_take_the_stairs
D:5:      layout_basic, vehumet_statue, ebering_dispersal_statue_hall,
          moated_statue, minivault_14, nrook_uturn
D:6:      layout_basic, minmay_temple_entry_slanted, minmay_chambers_of_fives
D:7:      layout_loops_ring, fedhas_altar_1, nicolae_ossuary_entry_ruins,
          serial_park_tiny_1, chequers_garden, uniq_maggie
D:8:      layout_cave_pools, grunt_temple_overflow_order_and_chaos_1,
          serial_gnoll_camp, gnoll_camp_medium_01, gnoll_camp_huts_moat,
          gnoll_camp_mini_hut, gnoll_camp_mini_loothouse, gnoll_camp_mini_hut
D:9:      layout_rooms, dpeg_lair_monsters, uniq_erica
D:10:     minmay_ornate_pinched, layout_basic, nicolae_gozag_seed_capital
Lair:1:   layout_cave_pods, maelrawn_ghost_gauntlet_escape
Lair:2:   layout_misc_corridors, nicolae_shoals_entry_roost,
          guppyfry_snake_entry_island, serial_bayou_ford_a,
          kilobyte_rumbling_trees, uniq_fannar, uniq_gastronok, uniq_nergalle

Skill      XL: |  1  2  3  4  5  6  7  8  9 10 11 |
---------------+----------------------------------+-----
Necromancy     | 4 5 6 9 12 | 12.0
Polearms       | 1 2 4 6 7 8 |  8.6
Dodging        | 2 3 4 5 6 |  6.2
Fighting       | 1 2 4 5 |  5.9
Armour         | 1 2 4 5 |  5.8
Evocations     | 1 5 |  5.0
Spellcasting   | 2 |  2.0
Stealth        | |  1.7

Action                     |  1- 3 |  4- 6 |  7- 9 | 10-12 || total
---------------------------+-------+-------+-------+-------++-------
  Melee: Spear             |       |    56 |   540 |   561 ||  1157
         Quarterstaff      |       |     7 |       |       ||     7
         Punch             |       |       |     9 |     6 ||    15
  Throw: Dart              |       |     2 |    15 |     4 ||    21
   Cast: Necrotise         |    66 |    24 |       |       ||    90
         Vampiric Draining |       |     5 |     4 |     8 ||    17
         Animate Dead      |       |       |       |     1 ||     1
  Evoke: Wand              |       |       |       |     6 ||     6
    Use: Scroll            |       |     8 |     9 |       ||    17
         Potion            |       |       |     2 |     1 ||     3
   Stab: Sleeping          |       |     2 |       |       ||     2
         Paralysed         |       |       |       |     2 ||     2
         Distracted        |       |       |       |     1 ||     1
 Armour: Robe              |     4 |       |       |       ||     4
         Ring mail         |     1 |    26 |       |       ||    27
         Scale mail        |       |     8 |   126 |       ||   134
         Chain mail        |       |       |    94 |   260 ||   354
  Dodge: Dodged            |     2 |    30 |   141 |   176 ||   349
  Block: Other             |       |       |       |    50 ||    50
         Reflection        |       |       |       |     1 ||     1
